 Dungeon Crawl Stone Soup version 0.26-a0-540-g8a0c9464d7 (webtiles) character file.

Game seed: 8088046923482549772

2937 Lanoc the Geomancer (level 9, -5/57 HPs)
             Began as a Demonspawn Earth Elementalist on Aug 17, 2020.
             Shot with an arrow by a centaur (12 damage)
             ... on level 8 of the Dungeon.
             The game lasted 00:12:49 (6877 turns).

Lanoc the Geomancer (Demonspawn Earth Elementalist) Turns: 6877, Time: 00:12:50

Health: -5/57      AC:  2    Str:  8    XL:     9   Next: 51%
Magic:  12/12      EV: 16    Int: 26    God:
Gold:   372        SH:  4    Dex: 14    Spells: 4/12 levels left

rFire    . . .     SeeInvis .   p - +4 quarterstaff (chaos)
rCold    . . .     Faith    .   (shield currently unavailable)
rNeg     . . .     Spirit   .   c - +0 robe
rPois    .         Reflect  .   (no helmet)
rElec    .         Harm     .   (no cloak)
rCorr    +                      (no gloves)
MR       .....                  (no boots)
Stlth    ++........             e - amulet of regeneration
HPRegen  0.59/turn              a - +6 ring of intelligence
MPRegen  0.13/turn              v - ring of resist corrosion

@: no status effects
A: claws 1, hooves 1, large bone plates 1, powered by pain 1
a: no special abilities


You were on level 8 of the Dungeon.
You visited 2 branches of the dungeon, and saw 9 of its levels.

You collected 372 gold pieces.

Inventory:

Hand Weapons
 p - a +4 quarterstaff of chaos (weapon)
Missiles
 b - 63 stones (quivered)
 q - 2 curare-tipped darts
Armour
 c - a +0 robe (worn)
Jewellery
 a - a +6 ring of intelligence (left claw)
 e - an amulet of regeneration (around neck)
 k - an uncursed ring of protection from fire
 v - a ring of resist corrosion (right claw)
Wands
 o - a wand of digging (5)
Scrolls
 f - 3 scrolls of remove curse
 h - a scroll of magic mapping
 i - 4 scrolls of identify
 l - 3 scrolls of torment {unknown}
 m - a scroll of brand weapon {unknown}
 t - a scroll of enchant weapon {unknown}
 u - a scroll of teleportation
Potions
 d - 2 potions of mutation
 g - a potion of cancellation
 j - 3 potions of heal wounds {unknown}


   Skills:
 + Level 7.2 Dodging
 - Level 1.7 Stealth
 - Level 2.0 Spellcasting
 - Level 0.8 Transmutations
 * Level 10.2 Earth Magic


You had 4 spell levels left.
You knew the following spells:

 Your Spells              Type           Power        Failure   Level
a - Sandblast             Erth           ######       1%          1
b - Passwall              Tmut/Erth      ####....     1%          2
c - Lee's Rapid Deconstr  Erth           ######....   4%          5

Your spell library contained the following spells:

 Spells                   Type           Power        Failure   Level
 Stone Arrow              Conj/Erth      ####..       3%          3
 Corona                   Hex            #......      11%         1
 Petrify                  Tmut/Erth      ####....     11%         4
 Ensorcelled Hibernation  Hex/Ice        #.....       16%         2
 Confusing Touch          Hex            #.......     30%         3
 Dazzling Flash           Conj/Hex       #.....       30%         3
 Tukima's Dance           Hex            #.......     30%         3


Dungeon Overview and Level Annotations

Branches:
Dungeon (8/15)             Temple (1/1) D:4
   Lair: D:8-11

Altars:
Ashenzari
Makhleb
Okawaru
Sif Muna
Trog
Xom
Yredelemnul
Zin

Shops:
D:4 =

Annotations:
D:5 Grinder


Innate Abilities, Weirdness & Mutations

You have large cloven feet.
You are partially covered in large bone plates. (SH +4)
You sometimes gain a little power by taking damage.
You have sharp fingernails.


Message History

Press: ? - help, Shift-Dir - straight line, f - orc priest
Aim: an orc priest, wielding a +2 vorpal falchion and wearing a +0 ring mail The blast of sand hits the orc priest!
The orc priest is almost dead.
b - 64 stones The centaur shoots an arrow.
The arrow hits you!
You focus on the pain.
You feel your power returning.
The orc priest invokes the aid of Beogh against you.
Beogh smites you!
* * * LOW HITPOINT WARNING * * *
Casting: Sandblast (safe; 1% risk of failure)
Confirm with . or Enter, or press ? or * to list all spells.
Aiming: Sandblast (safe; 1% risk of failure)
Press: ? - help, Shift-Dir - straight line, f/p - orc priest
Aim: an orc priest, wielding a +2 vorpal falchion and wearing a +0 ring mail (almost dead)
The blast of sand hits the orc priest!
You kill the orc priest!
b - 63 stones The centaur shoots an arrow.
The arrow hits you!
You die...

## .. #####.. #.
......# +>.
..... #.. [...
#.. ..#
.###..###(.##..#
......$.@(......
........).......
..c.............
..<.............
####..###..#####
#.. ..# ... ...
... .... ###+
##.#


You could see a centaur.

Vanquished Creatures
  The ghost of barakagiga the Conjurer, an amateur KoCj (D:3)
  Eustachio (D:6)
  The ghost of kae the Poker, an amateur DsGl of Makhleb (D:3)
  Menkaure (D:4)
  Edmund (D:6)
  A sky beast (D:5)
  An ice beast (D:7)
  The ghost of aaksess the Skirmisher, an amateur GnWn (D:3)
  2 orc warriors (D:7)
  A phantom (D:7)
  7 ogres
  2 centaurs (D:7)
  A bullfrog (D:7)
  A scorpion (D:7)
  2 bullfrog zombies (D:5)
  A hound (D:7)
  A quasit (D:6)
  2 orc priests
  2 jellies
  A bullfrog skeleton (D:5)
  Crazy Yiuf (D:7)
  3 centaur skeletons
  4 iguanas
  2 orc wizards
  4 worker ants
  2 hound zombies
  A hound skeleton (D:5)
  A howler monkey zombie (D:5)
  A worker ant zombie (D:6)
  9 adders
  A shadow imp (D:5)
  4 adder skeletons (D:5)
  An adder zombie (D:6)
  5 worms
  A dart slug (D:4)
  3 leopard geckos
  13 orcs
  3 ball pythons
  4 giant cockroaches
  9 hobgoblins
  3 jackals (D:3)
  6 kobolds
  3 quokkas
  3 bats
  5 frilled lizards
  2 giant cockroach zombies (D:5)
  2 gnoll zombies (D:2)
  6 goblins
  A jackal skeleton (D:5)
  2 leopard gecko skeletons (D:5)
  2 quokka skeletons
  A quokka zombie (D:5)
  3 rats
  2 fungi (D:7)
144 creatures vanquished.

Notes
Turn   | Place    | Note
-------+----------+-------------------------------------------
     0 | D:1      | Lanoc the Demonspawn Earth Elementalist began the quest for
                  | the Orb.
     0 | D:1      | Reached XP level 1. HP: 13/13 MP: 3/3
   452 | D:1      | Reached skill level 3 in Earth Magic
   465 | D:1      | Gained mutation: You are partially covered in large bone
                  | plates. (SH +4) [demonic ancestry]
   465 | D:1      | Reached XP level 2. HP: 16/19 MP: 1/5
  1024 | D:2      | Reached XP level 3. HP: 24/24 MP: 2/6
  1193 | D:2      | Noticed an ogre
  1198 | D:2      | Killed an ogre
  1198 | D:2      | Reached skill level 4 in Earth Magic
  1198 | D:2      | Reached XP level 4. HP: 30/30 MP: 3/7
  1358 | D:2      | Found a shimmering altar of Xom.
  1358 | D:2      | Found a glowing silver altar of Zin.
  1358 | D:2      | Noticed an angel
  1557 | D:2      | Found a basalt altar of Yredelemnul.
  1933 | D:3      | You fall into a shaft and drop 1 floor!
  1947 | D:4      | Reached XP level 5. HP: 35/35 MP: 8/8
  1998 | D:4      | Found a staircase to the Ecumenical Temple.
  2009 | Temple   | Entered the Ecumenical Temple
  2022 | D:4      | Found Zitip's Jewellery Emporium.
  2109 | D:4      | Reached skill level 5 in Earth Magic
  2269 | D:4      | Noticed Menkaure
  2275 | D:4      | Killed Menkaure
  2275 | D:4      | Reached XP level 6. HP: 41/41 MP: 4/9
  2279 | D:4      | Learned a level 2 spell: Passwall
  2458 | D:3      | Found a bloodstained altar of Trog.
  2686 | D:3      | Found a runed translucent gate.
  2686 | D:3      | Found a runed translucent gate.
  2688 | D:3      | Found a runed translucent gate.
  2688 | D:3      | Noticed kae's ghost (amateur DsGl)
  2688 | D:3      | Noticed aaksess's ghost (amateur GnWn)
  2688 | D:3      | Noticed barakagiga's ghost (amateur KoCj)
  3031 | D:3      | Killed aaksess's ghost
  3031 | D:3      | Reached skill level 6 in Earth Magic
  3052 | D:3      | Killed barakagiga's ghost
  3052 | D:3      | Gained mutation: You sometimes gain a little power by
                  | taking damage. [demonic ancestry]
  3052 | D:3      | Reached XP level 7. HP: 37/46 MP: 6/10
  3070 | D:3      | Gained mutation: You do not regenerate when monsters are
                  | visible. [potion of mutation]
  3070 | D:3      | Gained mutation: Your spells are a little harder to cast,
                  | but a little more powerful. [potion of mutation]
  3070 | D:3      | Gained mutation: You have a pair of small horns on your
                  | head. [potion of mutation]
  3076 | D:3      | Lost mutation: You have a pair of small horns on your head.
                  | [potion of mutation]
  3076 | D:3      | Lost mutation: You do not regenerate when monsters are
                  | visible. [potion of mutation]
  3076 | D:3      | Gained mutation: You have sharp fingernails. [potion of
                  | mutation]
  3076 | D:3      | Gained mutation: You evolve. [potion of mutation]
  3141 | D:3      | Killed kae's ghost
  3317 | D:4      | Reached skill level 7 in Earth Magic
  3497 | D:4      | Reached skill level 5 in Dodging
  3701 | D:4      | Gained mutation: You are frail. (-10% HP) [evolution]
  3742 | D:5      | Entered Level 5 of the Dungeon
  3855 | D:5      | Noticed Grinder
  4004 | D:5      | Gained mutation: You have large cloven feet. [demonic
                  | ancestry]
  4004 | D:5      | Reached XP level 8. HP: 46/46 MP: 9/11
  4146 | D:5      | Found a burning altar of Makhleb.
  4146 | D:5      | Noticed a balrug
  4214 | D:5      | Found a shimmering blue altar of Sif Muna.
  4472 | D:5      | Found an iron altar of Okawaru.
  4545 | D:5      | Reached skill level 8 in Earth Magic
  4867 | D:6      | Noticed Edmund
  4880 | D:6      | Killed Edmund
  5287 | D:6      | Noticed Eustachio
  5294 | D:6      | Killed Eustachio
  5366 | D:6      | Reached skill level 9 in Earth Magic
  5436 | D:6      | Lost mutation: You are frail. (-10% HP) [evolution]
  5807 | D:7      | Reached XP level 9. HP: 28/57 MP: 10/12
  5867 | D:7      | Found a shattered altar of Ashenzari.
  6644 | D:7      | Found a runed translucent door.
  6645 | D:7      | Noticed Crazy Yiuf
  6650 | D:7      | Killed Crazy Yiuf
  6650 | D:7      | Reached skill level 10 in Earth Magic
  6739 | D:7      | Lost mutation: Your spells are a little harder to cast, but
                  | a little more powerful. [evolution]
  6739 | D:7      | Lost mutation: You evolve. [end of evolution]
  6860 | D:7      | Learned a level 5 spell: Lee's Rapid Deconstruction
  6877 | D:8      | Shot with an arrow by a centaur

Illustrated notes

Levels and vault maps discovered:
D:1:      minmay_arrival_shattered_statue, layout_rooms, nrook_mini_backslash,
          minmay_box_of_dots
D:2:      layout_loops_cross, grunt_temple_overflow_order_and_chaos_1,
          lemuel_zombie_altar_yredelemnul, moated_statue,
          chequers_serial_rivers_micro_b, chequers_arboretum,
          minmay_strange_pillars
D:3:      layout_basic, gammafunk_ghost_cemetery, trog_book
D:4:      layout_loops_cross, minmay_temple_entry_wispy, serial_shops,
          nicolae_shop_temple_entry_statues_fountains,
          kennysheep_generic_room_13, uniq_menkaure
D:5:      layout_basic, nicolae_overflow_crystal_walls, kennysheep_little_box,
          serial_undead, serial_undead_a, serial_undead_d, serial_undead_a,
          serial_undead_d, serial_undead_b, makhleb_altar_promises_db,
          uniq_grinder
D:6:      layout_loops_corners, serial_rivers, chequers_serial_rivers_micro_d,
          chequers_serial_rivers_micro_c, chequers_serial_rivers_micro_c,
          chequers_serial_rivers_small_3, chequers_serial_rivers_room_b,
          uniq_eustachio, uniq_edmund
D:7:      layout_loops_cross, lemuel_crystal_altar, serial_glass,
          glass_columns_a, glass_columns_a, uniq_crazy_yiuf_cottage
D:8:      layout_gridville, vehumet_altar_wand_db, lemuel_round_altar,
          kennysheep_mini, serial_shops,
          nicolae_shop_competitors_out_of_business, uniq_maggie, uniq_grum
Temple:   nicolae_temple_figure_zero

Skill      XL: |  1  2  3  4  5  6  7  8  9 |
---------------+----------------------------+-----
Dodging        | 2 3 4 5 6 7 |  7.2
Earth Magic    | 3 4 5 6 7 9 10 | 10.2
Stealth        | |  1.7
Spellcasting   | |  2.0
Transmutations | |  0.8

Action                   |  1- 3 |  4- 6 |  7- 9 || total
-------------------------+-------+-------+-------++-------
Melee: Unarmed           |    33 |    57 |       ||    90
       Spear             |       |    86 |   232 ||   318
       Kick              |       |       |    58 ||    58
       Quarterstaff      |       |       |    29 ||    29
 Cast: Sandblast         |    27 |    35 |    88 ||   150
  Use: Potion            |       |     3 |     6 ||     9
       Scroll            |       |       |     8 ||     8
 Stab: Sleeping          |       |     6 |     5 ||    11
Armor: Robe              |     8 |    28 |    21 ||    57
       Skin              |       |    11 |     7 ||    18
Dodge: Dodged            |    38 |    90 |   162 ||   290
Block: Other             |       |    31 |    51 ||    82

Table legend: (Time is in decaauts)
 A = Elapsed time spent in this place.
 B = Non-inter-level travel time spent in this place.
 C = Inter-level travel time spent in this place.
 D = Time resting spent in this place.
 E = Time spent auto-exploring this place.
 F = Levels seen in this place.
 G = Mean time per level.
                   A        B        C        D        E       F      G
               +--------+--------+--------+--------+--------+-----+--------+
         Total |   6881 |   6545 |    336 |     90 |   5215 |   9 |  764.6 |
       Dungeon |   6879 |   6543 |    336 |     90 |   5215 |   8 |  859.9 |
        Temple |      1 |      1 |      0 |      0 |      0 |   1 |    1.0 |
               +--------+--------+--------+--------+--------+-----+--------+

Top non-repeatable levels by time:
     D:3: 1178 daAuts
     D:7: 1118 daAuts
     D:6: 1100 daAuts
     D:5: 890 daAuts
     D:4: 876 daAuts
     D:1: 869 daAuts
     D:2: 831 daAuts
     D:8: 13 daAuts
  Temple: 1 daAuts
